 Dungeon Crawl Stone Soup version 0.28.0-43-g3370ac3207 (webtiles) character file.

Game seed: 14355991689975422434

981 Orthodox the Fighter (level 7, -8/69 HPs)
             Began as a Minotaur Fighter on Mar 3, 2022.
             Was an Initiate of Yredelemnul.
             Mangled by Duvessa
             ... wielding a +0 rapier of freezing
              (13 damage)
             ... on level 4 of the Dungeon.
             The game lasted 00:15:12 (5962 turns).

Orthodox the Fighter (Minotaur Fighter)             Turns: 5962, Time: 00:15:12

Health: -8/69      AC:  5    Str: 21    XL:     7   Next: 96%
Magic:  6/6        EV: 10    Int:  5    God:    Yredelemnul [......]
Gold:   283        SH:  4    Dex: 11    Spells: 6/6 levels left

rFire   + . .      SeeInvis .   a - +0 long sword
rCold   . . .      Faith    .   c - +0 buckler
rNeg    . . .      Spirit   .   q - +2 leather armour {rF+}
rPois   .          Reflect  .   (helmet restricted)
rElec   .          Harm     .   (no cloak)
rCorr   .          Rampage  .   (no gloves)
Will    .....                   (no boots)
Stlth   +.........              (no amulet)
HPRegen 0.21/turn               (no ring)
MPRegen 0.10/turn               (no ring)

@: no status effects
A: horns 2, retaliatory headbutt
a: Renounce Religion, Recall Undead Harvest


You were on level 4 of the Dungeon.
You worshipped Yredelemnul.
Yredelemnul was noncommittal.
You visited 2 branches of the dungeon, and saw 6 of its levels.

You collected 283 gold pieces.

Inventory:

Hand Weapons
 a - a +0 long sword (weapon)
Missiles
 f - 3 boomerangs (quivered)
Armour
 b - a +0 scale mail
 c - a +0 buckler (worn)
 q - a +2 leather armour of fire resistance (worn)
Jewellery
 i - a +6 ring of dexterity
Wands
 w - a wand of flame (20)
Scrolls
 e - a scroll of fog {unknown}
 g - a scroll of summoning
 h - a scroll of amnesia {unknown}
 l - a scroll of brand weapon
 m - a scroll of enchant weapon {unknown}
 n - a scroll of silence {unknown}
 o - a scroll of immolation {unknown}
 s - 2 scrolls of blinking
 t - a scroll of enchant armour {unknown}
Potions
 d - a potion of might
 j - a potion of haste {unknown}
 k - 3 potions of brilliance {unknown}
 p - 2 potions of degeneration {unknown}
 r - a potion of experience {unknown}
 u - a potion of cancellation {unknown}
 v - a potion of attraction {unknown}


   Skills:
 + Level 8.4 Fighting
 + Level 7.9 Long Blades
 - Level 4.0 Armour
 - Level 4.0 Shields


You had 6 spell levels left.
You didn't know any spells.
Your spell library contained the following spells:

 Spells                   Type           Power      Damage    Failure   Level
 Shock                    Conj/Air       0%         1d3       63%         1
 Sting                    Tmut/Pois      0%         1d3       63%         1
 Blink                    Tloc           0%         N/A       77%         2
 Poisonous Vapours        Pois/Air       0%         N/A       77%         2
 Confusing Touch          Hex            0%         N/A       94%         3
 Lesser Beckoning         Tloc           0%         N/A       94%         3
 Swiftness                Air            0%         N/A       94%         3
 Airstrike                Air            0%         N/A       100%        4
 Fulminant Prism          Conj/Hex       0%         3d6       100%        4
 Iskenderun's Mystic Bla  Conj/Tloc      0%         2d3       100%        4
 Olgreb's Toxic Radiance  Pois           0%         N/A       100%        4
 Lee's Rapid Deconstruct  Erth           0%         3d5*      100%        5
 Manifold Assault         Tloc           0%         N/A       100%        5
 Yara's Violent Unravell  Hex/Tmut       0%         3d3       100%        5
 Enfeeble                 Hex            0%         N/A       100%        7


Dungeon Overview and Level Annotations

Branches:
Dungeon (5/15)             Temple (1/1) D:4

Altars:
Ashenzari
Dithmenos
Elyvilon
Fedhas
Gozag
Kikubaaqudgha
Nemelex Xobeh
Qazlal
Ru
Sif Muna
Uskayaw
Vehumet
Wu Jian
Yredelemnul
Zin
The Shining One

Shops:
D:5 *

Annotations:
D:4 Duvessa


Innate Abilities, Weirdness & Mutations

You have a pair of horns on your head.
You reflexively headbutt those who attack you in melee.


Message History

Health restored: 69 Duvessa hits Dowan with a +0 rapier of freezing!
Duvessa freezes Dowan.
Dowan hits Duvessa but does no damage.
Duvessa closely misses Dowan.
Duvessa misses Dowan.
Dowan hits Duvessa but does no damage.
Duvessa closely misses Dowan.
Duvessa hits Dowan with a +0 rapier of freezing!
Dowan is destroyed!
You hear a shout!
You hear a shout!
The sentinel's mark upon you fades away.
Duvessa hits you with a +0 rapier of freezing.
Duvessa freezes you.
You take 9 damage, and have 60/69 hp.
You block Duvessa's attack.
Duvessa hits you with a +0 rapier of freezing!!
Duvessa freezes you.
You take 24 damage, and have 37/69 hp.
MASSIVE DAMAGE!!
You block Duvessa's attack.
Things that are here:
a +0 dagger; a +0 robe
There is a stone staircase leading up here.
Duvessa hits you with a +0 rapier of freezing.
Duvessa freezes you.
Duvessa hits you with a +0 rapier of freezing.
Duvessa freezes you.
You climb upwards.
There is a stone staircase leading down here.
You take 11 damage, and have 27/69 hp.
You hit Duvessa but do no damage. Duvessa hits you but does no damage.
You hit Duvessa but do no damage. You block Duvessa's attack.
Duvessa closely misses you.
You closely miss Duvessa. Your headbutt misses Duvessa.
Duvessa hits you with a +0 rapier of freezing!
* * * LOW HITPOINT WARNING * * *
Duvessa freezes you!
* * * LOW HITPOINT WARNING * * *
Duvessa hits you with a +0 rapier of freezing!
You die...
Your body rises from the dead as a mindless zombie.

#### ##..# #.... ##### #....
##...## #.... #...).# #....
#...).# ### #.<.. ###)###
#@################
##....######.e.##...##..##.##
#.....#....#...#.............
#..............#.............
##...#.........#.............
#####.....##..##............
#.....##..##...####)..##
#.........#########...##
#.........#.............


You could see Duvessa (berserk).

Vanquished Creatures
  2 black bears
  A phantom (D:4)
  Blork the orc (D:5)
  Dowan (D:5)
  A howler monkey (D:5)
  A centaur skeleton (D:5)
  A bullfrog skeleton (D:4)
  2 hounds (D:5)
  4 iguanas
  3 orc wizards
  Robin (D:2)
  8 adders
  An ufetubus (D:5)
  3 worms
  5 dart slugs
  13 orcs
  9 ball pythons
  9 bats
  13 endoplasms
  3 giant cockroaches
  12 goblins
  17 hobgoblins
  14 jackals
  15 kobolds
  8 quokkas
  4 frilled lizards
  10 rats
162 creatures vanquished.

Vanquished Creatures (collateral kills)
  An orc (D:4)
1 creature vanquished.

Vanquished Creatures (others)
  A hound zombie (D:5)
  An adder zombie (D:5)
  An elf zombie (D:5)
  An iguana zombie (D:5)
  3 orc zombies (D:5)
  A spectral ufetubus (D:5)
8 creatures vanquished.

Grand Total: 171 creatures vanquished

Notes
Turn   | Place    | Note
-------+----------+-------------------------------------------
     0 | D:1      | Orthodox the Minotaur Fighter began the quest for the Orb.
     0 | D:1      | Reached XP level 1. HP: 19/19 MP: 0/0
    97 | D:1      | Reached XP level 2. HP: 22/27 MP: 1/1
   310 | D:1      | Reached skill level 4 in Fighting
   453 | D:1      | Reached XP level 3. HP: 32/33 MP: 2/2
  1375 | D:2      | Found a faded altar of an unknown god.
  1516 | D:2      | Reached XP level 4. HP: 41/41 MP: 3/3
  1804 | D:2      | Reached skill level 5 in Fighting
  2549 | D:3      | Reached XP level 5. HP: 48/48 MP: 4/4
  3073 | D:3      | Noticed Robin
  3259 | D:3      | Reached skill level 5 in Long Blades
  3310 | D:2      | Killed Robin
  3861 | D:4      | Noticed a phantom
  3864 | D:3      | Reached skill level 6 in Fighting
  3864 | D:3      | Reached XP level 6. HP: 57/57 MP: 5/5
  4160 | D:4      | Found a staircase to the Ecumenical Temple.
  4196 | Temple   | Entered the Ecumenical Temple
  4447 | Temple   | Became a worshipper of Yredelemnul the Dark
  4607 | D:4      | Reached skill level 7 in Fighting
  4626 | D:4      | Reached * piety under Yredelemnul
  4742 | D:4      | Reached XP level 7. HP: 48/66 MP: 6/6
  5008 | D:5      | Entered Level 5 of the Dungeon
  5045 | D:5      | Found Agrir's Elemental Accessories.
  5049 | D:5      | Noticed Duvessa
  5049 | D:5      | Noticed Dowan
  5260 | D:5      | Noticed Blork the orc
  5274 | D:5      | Killed Blork the orc
  5446 | D:5      | Reached ** piety under Yredelemnul
  5463 | D:5      | Noticed a two-headed ogre
  5471 | D:5      | Reached skill level 8 in Fighting
  5471 | D:5      | Your ally Blork died
  5850 | D:5      | Killed Dowan
  5936 | D:5      | Your ally Dowan died
  5962 | D:4      | Mangled by Duvessa

Illustrated notes

Levels and vault maps discovered:
D:1:      giann_wishing_wells, layout_basic, chequers_serial_rivers_large_a,
          minivault_23, minmay_quantized
D:2:      minmay_razor_zed, layout_basic,
          hellmonk_ecumenical_altar_leap_of_faith
D:3:      layout_loops_ring, minivault_4, minmay_quadrilaterals, uniq_robin
D:4:      layout_gridville, minmay_temple_entry_statues_fountains,
          minmay_misc_feat_enclosed
D:5:      layout_basic, nicolae_elemental_shop, uniq_blork_the_orc, uniq_duvessa
Temple:   regret_index_temple_sphere_string

Skill      XL: |  1  2  3  4  5  6  7 |
---------------+----------------------+-----
Armour         | 4 |  4.0
Fighting       | 4 5 6 7 8 |  8.4
Shields        | 4 |  4.0
Long Blades    | 3 4 5 6 7 |  7.9

Action                   |  1- 3 |  4- 6 |  7- 9 || total
-------------------------+-------+-------+-------++-------
Melee: Long sword        |    96 |   229 |    64 ||   389
       Headbutt          |    11 |    39 |    16 ||    66
Invok: Recall Undead Har |       |       |     2 ||     2
  Use: Scroll            |       |       |     3 ||     3
 Stab: Sleeping          |       |     1 |       ||     1
       Distracted        |       |       |     1 ||     1
Armor: Scale mail        |    40 |    58 |       ||    98
       Leather armour    |       |    34 |    15 ||    49
Dodge: Dodged            |    42 |    96 |    24 ||   162
Block: Buckler           |    19 |    48 |    20 ||    87
